Hell of a comeback

Match 19860955
End
Royal Engineer Section
Construct Section Command Post
Infantry Section
Dingo Light Scout Car
Infantry Section
Construct Platoon Command Post
Humber Armored Car
Grenade Package
6-pounder Anti-tank Gun Team
Construct Field Infirmary
Selects Indian Artillery Battlegroup
Selects War Cry
Selects Gurkha Rifles Section
Vickers Machine Gun Team
Gurkha Rifles Section
Unlock M3 Stuart Light Tanks
Selects Volunteer Infantry
M3 Stuart Light Tank
M3 Stuart Light Tank
6-pounder Anti-tank Gun Team
Gurkha Rifles Section
Gurkha Rifles Section
Selects Artillery Saturation
Selects Off-map Airburst Barrage
Selects Perimeter Monitor
Infantry Training
Construct Company Command Post
Crusader II Medium Tank
Royal Engineer Section
Unlock M3 Grant Medium Tanks
M3 Grant Medium Tank
Armored Vehicle Training
6-pounder Anti-tank Gun Team
Team Weapon Training
Perimeter Monitor
JZuna
Grunt
0
0

Comments sign in to comment!

Grunt over 1 year ago

I am the king of throws. GG WP